 Dungeon Crawl Stone Soup version 0.27.1-33-g824d729ab1 (webtiles) character file.

Game seed: 3176656033944885090

158 pkoi the Caller (level 5, -11/38 HPs)
             Began as a Draconian Summoner on Nov 30, 2021.
             Killed by divine providence
             ... invoked by an orc priest
              (14 damage)
             ... on level 4 of the Dungeon.
             The game lasted 00:04:28 (4277 turns).

pkoi the Caller (Draconian Summoner)                Turns: 4277, Time: 00:04:29

Health: -11/38     AC:  5    Str: 10    XL:     5   Next: 16%
Magic:  5/8        EV: 12    Int: 16    God:
Gold:   70         SH:  0    Dex: 12    Spells: 5/8 levels left

rFire    . . .     SeeInvis .     - Unarmed
rCold    . . .     Faith    .   (no shield)
rNeg     . . .     Spirit   .   (armour unavailable)
rPois    .         Reflect  .   (helmet restricted)
rElec    .         Harm     .   (no cloak)
rCorr    .         Rampage  .   (no gloves)
Will     .....                  (no boots)
Stlth    ++........             e - amulet of regeneration
HPRegen  1.12/turn              (no ring)
MPRegen  0.11/turn              (no ring)

@: no status effects
A: AC +5, unfitting armour, cold-blooded
a: no special abilities


You were on level 4 of the Dungeon.
You visited 1 branch of the dungeon, and saw 4 of its levels.

You collected 106 gold pieces.
You spent 36 gold pieces at shops.

Inventory:

Jewellery
 e - an amulet of regeneration (around neck)
Scrolls
 a - 3 scrolls of teleportation
 b - 2 scrolls of blinking
 f - a scroll of enchant weapon {unknown}
Potions
 c - 2 potions of curing {unknown}
 d - a potion of cancellation {unknown}
 g - a potion of degeneration {unknown}
 h - a potion of magic {unknown}


   Skills:
 - Level 1.7 Dodging
 - Level 1.7 Stealth
 + Level 3.4 Unarmed Combat
 - Level 2.0 Spellcasting
 + Level 5.3 Summonings


You had 5 spell levels left.
You knew the following spells:

 Your Spells              Type           Power      Damage    Failure   Level
a - Summon Small Mammal   Summ           72%        N/A       2%          1
b - Call Imp              Summ           18%        N/A       3%          2

Your spell library contained the following spells:

 Spells                   Type           Power      Damage    Failure   Level
 Call Canine Familiar     Summ           18%        N/A       7%          3
 Magic Dart               Conj           4%         1d3       21%         1
 Summon Guardian Golem    Hex/Summ       10%        N/A       22%         3
 Mephitic Cloud           Conj/Pois/Air  1%         N/A       52%         3
 Ozocubu's Armour         Ice            1%         N/A       52%         3
 Stone Arrow              Conj/Erth      2%         3d7       52%         3
 Summon Lightning Spire   Summ/Air       10%        N/A       56%         4
 Bolt of Magma            Conj/Fire/Erth 0%         4d4       99%         5
 Ozocubu's Refrigeration  Ice            0%         4d5       100%        7
 Shatter                  Erth           0%         3d5*      100%        9


Dungeon Overview and Level Annotations

Branches:
Dungeon (4/15)
 Temple: D:4-7

Altars:
Cheibriados
Elyvilon
Nemelex Xobeh
Qazlal

Shops:
D:2 ?


Innate Abilities, Weirdness & Mutations

Your plain brown scales are hard. (AC +5)
You cannot fit into any form of body armour.
You are cold-blooded and may be slowed by cold attacks.


Message History

You climb downwards.
The orc shouts!
The orc priest shouts!
There is a stone staircase leading up here.
There are monsters nearby!
Unknown command.
A beastly little devil appears in a puff of flame.
The orc shouts!
The orc priest shouts!
A beastly little devil appears in a puff of flame.
The orc priest closely misses your crimson imp.
The orc priest calls down the wrath of Beogh upon you.
Beogh smites you!
Your crimson imp hits the orc but does no damage.
An orc comes into view. It is wielding a +0 short sword.
Your crimson imp hits the orc but does no damage.
Unknown command.
Unknown command.
The orc closely misses your crimson imp.
Your crimson imp blinks!
Your crimson imp hits the orc but does no damage.
Unknown command.
The orc closely misses your crimson imp.
Your crimson imp hits the orc but does no damage.
Unknown command.
The orc barely misses your crimson imp.
Your crimson imp hits the orc but does no damage.
Unknown command.
The orc barely misses your crimson imp.
Your crimson imp hits the orc but does no damage.
The orc priest mumbles some strange prayers to Beogh against you.
Beogh smites you!
* * * LOW HITPOINT WARNING * * *
Unknown command.
The orc priest calls down the wrath of Beogh upon you.
Beogh smites you!
* * * LOW HITPOINT WARNING * * *
The orc hits your crimson imp but does no damage.
Your crimson imp hits the orc.
The orc priest mumbles some strange prayers to Beogh against you.
Beogh smites you!
You die... ######### ooooo55@# #########

You could see 2 orc priests, 3 orcs and 2 friendly crimson imps.

Vanquished Creatures
  An orc priest (D:3)
  Jessica (D:3)
  An adder (D:3)
  A worm (D:3)
  2 dart slugs
  2 orcs
  8 bats
  5 endoplasms
  5 giant cockroaches
  4 hobgoblins
  2 jackals (D:2)
  2 quokkas (D:1)
  4 ball pythons
  2 frilled lizards
  5 goblins
  5 kobolds
50 creatures vanquished.

Vanquished Creatures (collateral kills)
  A centaur skeleton (D:3)
  An orc wizard (D:3)
  An adder (D:3)
  2 worms
  An orc (D:3)
  A goblin (D:2)
  2 hobgoblins
  A kobold (D:1)
  A ball python (D:1)
  A bat (D:1)
  A frilled lizard (D:1)
  3 rats (D:1)
16 creatures vanquished.

Grand Total: 66 creatures vanquished

Notes
Turn   | Place    | Note
-------+----------+-------------------------------------------
     0 | D:1      | pkoi the Draconian Summoner began the quest for the Orb.
     0 | D:1      | Reached XP level 1. HP: 14/14 MP: 3/3
   133 | D:1      | Found a faded altar of an unknown god.
   146 | D:1      | Reached skill level 1 in Unarmed Combat
   559 | D:1      | Reached XP level 2. HP: 16/20 MP: 0/5
  1218 | D:1      | Learned a level 2 spell: Call Imp
  1877 | D:2      | Reached XP level 3. HP: 26/26 MP: 3/6
  1987 | D:2      | Found Hyujul's Magic Scroll Boutique.
  2010 | D:2      | Bought a scroll of teleportation for 36 gold pieces
  2870 | D:3      | Found a white marble altar of Elyvilon.
  3363 | D:3      | Reached XP level 4. HP: 30/33 MP: 7/7
  3620 | D:3      | Noticed Jessica
  3630 | D:3      | Killed Jessica
  3631 | D:3      | Reached skill level 5 in Summonings
  3984 | D:3      | Reached XP level 5. HP: 24/38 MP: 1/8
  4218 | D:3      | Found a stormy altar of Qazlal.
  4218 | D:3      | Found a sparkling altar of Nemelex Xobeh.
  4219 | D:3      | Found a snail-covered altar of Cheibriados.
  4277 | D:4      | Killed from afar by an orc priest

Illustrated notes

Levels and vault maps discovered:
D:1:      wander_arrival_peaceful_grave, layout_rooms,
          ebering_ecumenical_altar_rust, minmay_hexomino_p4
D:2:      layout_loops_ring, serial_shops, shop
D:3:      minmay_door_path, layout_basic, gammafunk_temple_overflow_claw,
          overflow_temple_1_default, minmay_fractal_squares_5, uniq_jessica
D:4:      layout_basic, minmay_temple_entry_stoned_glass

Skill      XL: |  1  2  3  4 |
---------------+-------------+-----
Unarmed Combat | 1 2 3 |  3.4
Summonings     | 5 |  5.3
Dodging        | |  1.7
Stealth        | |  1.7
Spellcasting   | |  2.0

Action                   |  1- 3 |  4- 6 || total
-------------------------+-------+-------++-------
Melee: Unarmed           |   195 |    41 ||   236
       Tailslap          |    19 |     5 ||    24
       Punch             |       |     1 ||     1
 Cast: Summon Small Mamm |    11 |       ||    11
       Call Imp          |    10 |     9 ||    19
  Use: Scroll            |     1 |       ||     1
 Stab: Sleeping          |     2 |     1 ||     3
Armor: Skin              |    61 |    12 ||    73
Dodge: Dodged            |   158 |    30 ||   188
